 Dungeon Crawl Stone Soup version 0.17.0-28-g6e173f8 (console) character file.

994 Kloppie the Skirmisher (level 8, -1/68 HPs)
             Began as a Formicid Fighter on Dec 1, 2015.
             Slain by Grinder (3 damage)
             ... on level 6 of the Dungeon.
             The game lasted 00:06:21 (5056 turns).

Kloppie the Skirmisher (Formicid Fighter)           Turns: 5056, Time: 00:06:21

Health: -1/68      AC:  6    Str: 20    XL:     8   Next: 42%
Magic:  8/8        EV:  7    Int:  9    God:
Gold:   214        SH:  9    Dex: 12    Spells: 0 memorised, 7 levels left

rFire  . . .     SeeInvis +     a - +0 long sword
rCold  . . .     Clarity  .     b - +0 scale mail
rNeg   . . .     SustAt   +     c - +0 shield
rPois  .         Gourm    .     (helmet unavailable)
rElec  .         Spirit   .     (no cloak)
rCorr  .         Warding  .     (no gloves)
rMut   .         Stasis   +     (no boots)
MR     +....                    (no amulet)
Stlth  ..........               r - ring of protection from magic
                                m - ring of sustain attributes (curse)

@: somewhat resistant to hostile enchantments, extremely unstealthy
A: permanent stasis, dig shafts and tunnels, four strong arms, antennae 3
a: Dig, Shaft Self


You were on level 6 of the Dungeon.
You were not hungry.

You visited 1 branch of the dungeon, and saw 6 of its levels.

You collected 214 gold pieces.

Inventory:

Hand Weapons
 a - a +0 long sword (weapon)
Armour
 b - a +0 scale mail (worn)
 c - a +0 shield (worn)
 o - a +1 large shield
Jewellery
 f - an uncursed amulet of resist corrosion {unknown}
 m - a cursed ring of sustain attributes (left hand)
 r - a ring of protection from magic (right hand)
Wands
 d - a wand of digging (10)
Scrolls
 n - 2 scrolls of magic mapping
 p - 2 scrolls of remove curse
 s - a scroll of noise
 y - a scroll of recharging
Potions
 g - 3 potions of brilliance
 k - 2 potions of curing
 l - a potion of haste
 v - a potion of magic
 w - a potion of cure mutation
 x - a potion of lignification
 z - 3 potions of poison {unknown}
Books
 A - a Grand Grimoire

   Spells                             Type                      Level
   a - Monstrous Menagerie            Summoning                    6
   b - Summon Greater Demon           Summoning                    7
   c - Malign Gateway                 Summoning/Translocation      7
   d - Summon Horrible Things         Summoning                    8
Comestibles
 e - 4 bread rations
 h - 6 chunks of flesh
 i - 2 beef jerkies
 j - a slice of pizza
 t - 2 meat rations


   Skills:
 + Level 7.7 Fighting
 + Level 6.9 Long Blades
 - Level 3.2 Armour
 - Level 3.6 Shields


You had 7 spell levels left.
You didn't know any spells.

Dungeon Overview and Level Annotations

Branches:
Dungeon (6/15)
 Temple: D:4-7

Altars:
Cheibriados
Kikubaaqudgha
Trog

Annotations:
D:6 Grinder


Innate Abilities, Weirdness & Mutations

You are under a permanent stasis effect.
You can dig through walls and to a lower floor.
Your four strong arms can wield two-handed weapons with a shield.
You have a pair of large antennae on your head (SInv).


Message History

Grinder hits you.
* * * LOW HITPOINT WARNING * * *
The giant gecko bites you.
* * * LOW HITPOINT WARNING * * *
The giant frog hits you!
* * * LOW HITPOINT WARNING * * *
You hit Grinder.
Grinder is severely wounded.
The giant gecko closely misses you. You block the giant frog's attack.
Grinder hits you but does no damage. You block the giant frog's attack.
The giant gecko barely misses you.
You hit Grinder but do no damage.
Grinder is severely wounded.
Grinder hits you!
* * * LOW HITPOINT WARNING * * *
You writhe in agony.
* * * LOW HITPOINT WARNING * * *
The giant frog hits you but does no damage.
You block the giant gecko's attack. Grinder hits you.
You die...

..? ##....## ....
.......#
...##......# ###
#..#......###
##.##
#...>.......
##...##
#........##
#.....#
#.l5F....#
#.....######@...#
##.............##
##..######..###
##)# ##.##
#.#######...
#....(..#.#...
#######.#<####.$
###...######
#..........#


You could see Grinder, a giant frog and a giant gecko.

Vanquished Creatures
  Sigmund (D:5)
  Eustachio (D:4)
  2 ice beasts (D:5)
  An ogre (D:5)
  2 crimson imps
  An orc priest (D:4)
  2 worker ants
  An iguana (D:4)
  A hound zombie (D:5)
  6 gnolls (D:5)
  9 adders
  2 shadow imps (D:5)
  2 oozes
  2 worms
  4 giant geckos
  12 orcs
  4 giant cockroaches
  10 hobgoblins
  13 jackals
  6 bats
  5 giant newts
  6 goblins
  11 kobolds
  2 quokkas
  A quokka skeleton (D:3)
  8 rats
115 creatures vanquished.

Notes
Turn   | Place    | Note
--------------------------------------------------------------
     0 | D:1      | Kloppie the Formicid Fighter began the quest for the Orb.
     0 | D:1      | Reached XP level 1. HP: 18/18 MP: 1/1
   115 | D:1      | Reached XP level 2. HP: 20/24 MP: 2/2
   506 | D:1      | Reached XP level 3. HP: 28/30 MP: 3/3
   576 | D:2      | Reached skill level 4 in Fighting
   720 | D:2      | Reached XP level 4. HP: 18/37 MP: 4/4
  1814 | D:3      | Reached XP level 5. HP: 22/43 MP: 5/5
  2611 | D:4      | Found an ancient bone altar of Kikubaaqudgha.
  2709 | D:4      | Reached skill level 5 in Fighting
  3088 | D:4      | Noticed Eustachio
  3109 | D:4      | Killed Eustachio
  3109 | D:4      | Reached skill level 5 in Long Blades
  3109 | D:4      | Reached XP level 6. HP: 42/52 MP: 6/6
  3221 | D:4      | Reached XP level 7. HP: 35/57 MP: 7/7
  3476 | D:4      | Reached skill level 6 in Fighting
  3612 | D:4      | Found a snail-covered altar of Cheibriados.
  3612 | D:4      | Found a bloodstained altar of Trog.
  3759 | D:5      | Entered Level 5 of the Dungeon
  4045 | D:5      | Noticed Sigmund
  4050 | D:5      | Killed Sigmund
  4105 | D:5      | Reached skill level 7 in Fighting
  4182 | D:5      | Reached XP level 8. HP: 60/67 MP: 8/8
  5039 | D:6      | Noticed Grinder
  5056 | D:6      | HP: 2/68 [Grinder (5)]
  5056 | D:6      | Slain by Grinder

Action                   |  1- 3 |  4- 6 |  7- 9 || total
-------------------------+-------+-------+-------++-------
Melee: Long sword        |   128 |   176 |   148 ||   452
  Use: Potion            |       |     1 |       ||     1
       Scroll            |       |       |    15 ||    15
  Eat: Chunk             |       |     8 |     5 ||    13
       Fruit             |       |       |     1 ||     1
